 Dungeon Crawl Stone Soup version 0.31.0-1-g2c135a0 (webtiles) character file.

Game seed: 2237547808128627487

866670 bonscott the Annihilator (level 27, -15/202 HPs)
             Began as a Djinni Conjurer on Mar 2, 2024.
             Was the Champion of Makhleb.
             Killed from afar by a black draconian knight (41 damage)
             ... with a bolt of lightning
             ... led by a black draconian knight
             ... on level 1 of the Realm of Zot on Mar 11, 2024.
             The game lasted 18:14:38 (82088 turns).

bonscott the Annihilator (Djinni Conjurer)         Turns: 82088, Time: 18:14:40

Health: -15/202    AC: 21    Str: 18    XL:     27
Gold:   6621       EV: 18    Int: 33    God:    Makhleb [******] SH: 23 Dex: 18

rFire   + + +        a - staff of Rixism {rN+ Dex+4 Necro Alchemy}
rCold   + . .        m - +1 tower shield {rC+}
rNeg    + + +        u - +3 faerie dragon scales {rPois Will+++ Regen+ rCorr Dex-3 Stlth- Clar}
rPois   ∞            j - +2 helmet "Zuuroqay" {Regen+ SInv}
rElec   .            h - scarf of Ezijiovi {rC+ rF+, Int+4}
rCorr   +            t - +1 pair of gloves {Stlth+}
SInv    +            (boots unavailable)
Will    +++++        v - amulet of Vitality {RegenMP++ Regen++}
Stlth   +++          G - ring of Suspected Treachery {rPois rN++ MP+9 Int+3 Stlth+}
HPRegen 3.73/turn    P - ring of the Princeling {rF+ Will+ Str+4 Int+2 Dex+3}
MPRegen 0.00/turn

%: clarity, infuse magic (-16 HP)
@: flying, studying 2 skills
A: sickness immunity, fire resistance 2, cold vulnerability 1, float, innate
caster, HP casting, extra vitality 1
}: 7/15 runes: decaying, slimy, silver, obsidian, icy, abyssal, gossamer
a: Renounce Religion, Minor Destruction, Lesser Servant of Makhleb, Major
Destruction, Greater Servant of Makhleb


You were on level 1 of the Realm of Zot.
You worshipped Makhleb.
Makhleb was exalted by your worship.
You visited 16 branches of the dungeon, and saw 69 of its levels.
You visited the Abyss 5 times.
You visited 1 bazaar.
You also visited: Ossuary and Wizlab.

You collected 9290 gold pieces.
You spent 2669 gold pieces at shops.

Inventory:

Hand Weapons
 c - the +7 long sword of Indomitability {freeze, *Slow rElec rPois Will+++}
   (You found it on level 5 of the Dungeon)

   rElec:     It insulates you from electricity.
   rPois:     It protects you from poison Will+++: It greatly increases your
   willpower.
   *Slow:     It may slow you when you take damage.
 d - the +1 hand axe of Lointy {antimagic, rPois rC++ Will- Int+4}
   (You found it on level 7 of Cocytus)

   Int+4:     It affects your intelligence (+4).
   rC++:      It greatly protects you from cold.
   rPois:     It protects you from poison Will-: It decreases your willpower.
Missiles
 F - 27 boomerangs
 U - 24 curare-tipped darts
Armour
 h - the scarf of Ezijiovi (worn) {rC+ rF+, Int+4}
   (You acquired it on level 5 of the Pits of Slime)

   Int+4:     It affects your intelligence (+4).
 j - the +2 helmet "Zuuroqay" (worn) {Regen+ SInv}
   (You bought it in a shop on level 3 of the Vaults)

   SInv:      It lets you see invisible.
   Regen+:    It increases your rate of health regeneration.
 m - a +1 tower shield of cold resistance (worn)
 t - a +1 pair of gloves of stealth (worn)
 u - the +3 faerie dragon scales (worn) {rPois Will+++ Regen+ rCorr Dex-3 Stlth- Clar}
   (You took it off the Enchantress on level 4 of the Depths)

   Dex-3:     It affects your dexterity (-3).
   rPois:     It protects you from poison Will+++: It greatly increases your
   willpower.
   Clar:      It protects you from confusion, rage, mesmerisation and fear.
   Regen+:    It increases your rate of health regeneration.
   rCorr:     It protects you from acid and corrosion.
   Stlth-:    It makes you less stealthy.
Magical Staves
 a - the staff of Rixism (weapon) {rN+ Dex+4 Necro Alchemy}
   (You took it off a deep elf zephyrmancer on level 5 of the Vaults)

   [staff of death]

   Base accuracy: +5 Base damage: 5 Base attack delay: 1.2 This weapon's minimum
   attack delay (0.6) is reached at skill level 12.
   Dex+4:     It affects your dexterity (+4).
   rN+:       It protects you from negative energy.
   Necro:     It increases the power of your Necromancy spells.
   Alchemy:   It increases the power of your Alchemy spells.
   It falls into the 'Staves' category.
   It is a one-handed weapon.
 b - the staff "Teawir" {rC+ Int+2 Dex+2 Ice}
   (You found it on level 5 of the Pits of Slime)

   [staff of cold]

   Base accuracy: +5 Base damage: 5 Base attack delay: 1.2 This weapon's minimum
   attack delay (0.6) is reached at skill level 12.
   Int+2:     It affects your intelligence (+2).
   Dex+2:     It affects your dexterity (+2).
   rC+:       It protects you from cold.
   Ice:       It increases the power of your Ice spells.
   It falls into the 'Staves' category.
   It is a one-handed weapon.
Jewellery
 v - the amulet of Vitality (around neck) {RegenMP++ Regen++}
   (You found it on level 7 of Gehenna)

   [amulet of magic regeneration]

   RegenMP:   It increases your rate of magic regeneration.
   Regen++:   It increases your rate of health regeneration.
 G - the ring of Suspected Treachery (left hand) {rPois rN++ MP+9 Int+3 Stlth+}
   (You took it off Antaeus on level 7 of Cocytus)

   [ring of magical power]

   Int+3:     It affects your intelligence (+3).
   rPois:     It protects you from poison rN++: It greatly protects you from
   negative energy.
   MP+9:      It affects your magic capacity (+9).
   Stlth+:    It makes you more stealthy.
 O - the ring "Tuitotif" {rElec rF+ Slay+3}
   (You found it on level 5 of the Pits of Slime)

   [ring of protection from fire]

   Slay+3:    It affects your accuracy & damage with ranged weapons and melee
   (+3).
   rF+:       It protects you from fire.
   rElec:     It insulates you from electricity.
 P - the ring of the Princeling (right hand) {rF+ Will+ Str+4 Int+2 Dex+3}
   (You took it off a fire giant on level 7 of Gehenna)

   [ring of willpower]

   Str+4:     It affects your strength (+4).
   Int+2:     It affects your intelligence (+2).
   Dex+3:     It affects your dexterity (+3).
   rF+:       It protects you from fire.
   Will+:     It increases your willpower.
 S - the ring "Epori" {rPois rF++ rC+ rCorr Stlth+}
   (You took it off Asmodeus on level 7 of Gehenna)

   [ring of resist corrosion]

   rF++:      It greatly protects you from fire.
   rC+:       It protects you from cold.
   rPois:     It protects you from poison rCorr: It protects you from acid and
   corrosion.
   Stlth+:    It makes you more stealthy.
 W - an amulet of reflection
Talismans
 g - a talisman of death
Wands
 q - a wand of roots (91)
 z - a wand of paralysis (65)
 D - a wand of quicksilver (22)
 R - a wand of mindburst (14)
 X - a wand of digging (2)
Scrolls
 i - 7 scrolls of poison
 l - 8 scrolls of immolation
 r - 8 scrolls of fog
 w - 7 scrolls of fear
 x - 23 scrolls of teleportation
 y - 5 scrolls of torment
 B - 3 scrolls of revelation
 K - 2 scrolls of blinking
 M - a scroll of summoning
 V - 3 scrolls of silence
Potions
 f - 10 potions of curing
 n - 4 potions of resistance
 o - 3 potions of brilliance
 A - 8 potions of lignification
 C - 8 potions of mutation
 E - 8 potions of ambrosia
 H - 12 potions of might
 I - 5 potions of haste
 J - 6 potions of enlightenment
 N - 5 potions of cancellation
 Y - 6 potions of invisibility
 Z - 3 potions of heal wounds
Miscellaneous
 k - a lightning rod (4/4)
 s - a phial of floods
 L - a phantom mirror
 T - a sack of spiders


   Skills:
 + Level 19.0 Fighting
 - Level 14.0 Throwing
 + Level 20.0 Armour
 + Level 12.0 Dodging
 - Level 1.5 Stealth
 - Level 20.0 Shields
 - Level 25.0 Spellcasting
 O Level 27 Conjurations
 - Level 25.0 Hexes
 - Level 25.0 Summonings
 - Level 25.0 Necromancy
 - Level 25.0 Translocations
 - Level 25.0 Fire Magic
 - Level 25.0 Ice Magic
 - Level 25.0 Air Magic
 - Level 25.0 Earth Magic
 - Level 25.0 Alchemy
 - Level 10.2 Evocations
 - Level 23.0 Shapeshifting


You knew the following spells:

 Your Spells              Type           Power      Damage    Failure   Level
a - Ensorcelled Hibernat  Hex/Ice        100%       N/A       0%          2
b - Searing Ray           Conj           100%       2d8       0%          2
c - Freezing Cloud        Conj/Ice/Air   59%        6-21      0%          5
d - Magic Dart            Conj           100%       1d8       0%          1
e - Enfeeble              Hex            58%        N/A       1%          7
f - Fulminant Prism       Conj/Alch      72%        3d30      0%          4
g - Spellforged Servitor  Conj/Summ      59%        N/A       1%          7
h - Summon Hydra          Summ           58%        N/A       1%          7
i - Freeze                Ice            100%       1d10      0%          1
m - Iskenderun's Mystic   Conj/Tloc      100%       2d19      0%          4
p - Polar Vortex          Ice            58%        12d7*     4%          9
q - Blink                 Tloc           100%       N/A       0%          2
r - Stone Arrow           Conj/Erth      100%       3d13      0%          3
s - Sculpt Simulacrum     Ice/Alch       71%        N/A       0%          6
t - Summon Horrible Thin  Summ           58%        N/A       1%          8
v - Borgnjor's Vile Clut  Necr/Erth      71%        N/A       0%          5
x - Maxwell's Capacitive  Air            58%        ∞         1%          8
Your spell library was empty.

Dungeon Overview and Level Annotations

Branches:
Dungeon (15/15)            Temple (1/1) D:5            Lair (5/5) D:8
  Swamp (4/4) Lair:2       Spider (4/4) Lair:3        Slime (5/5) Lair:5
    Orc (2/2) D:10            Elf (3/3) Orc:2        Vaults (5/5) D:14
  Crypt (3/3) Vaults:3       Tomb (0/3) Crypt:3      Depths (4/4) D:15
   Hell (visited)             Dis (0/7) Hell            Geh (7/7) Hell
    Coc (7/7) Hell            Tar (2/7) Hell            Zot (1/5) Depths:4
Ossuary (visited)          WizLab (visited)

Altars:
Ashenzari
Cheibriados
Dithmenos
Elyvilon
Fedhas
Gozag
Hepliaklqana
Makhleb
Nemelex Xobeh
Okawaru
Qazlal
Ru
Trog
Uskayaw
Wu Jian
Xom
Yredelemnul
Zin
The Shining One
Jiyva

Shops:
D:1 *   D:2 :   D:14 (   Orc:2 (**:   Elf:1 *(   Vaults:3 [   Depths:4 ?

Portals:
Hell: Depths:1 Depths:2 Depths:3 Depths:4
Abyss: D:5 Depths:2 Depths:3
Pandemonium: Depths:1 Depths:2
Ziggurat: Depths:3
Trove: D:10 (give +2 gold dragon scales)

Annotations:
Crypt:1 2 transporters, Ciwiv's ghost, veteran FoFi; Hali's ghost, veteran FoFi; Heot Zafel's ghost, veteran MiGl


Innate Abilities, Weirdness & Mutations

You are immune to sickness and miasma.
You are immune to poison.
Your flesh is very heat resistant. (rF++)
You are vulnerable to cold. (rC-)
You float through the air rather than walking.
You learn spells naturally, not from books.
Your magical power is your life essence.
You have superior vitality. (+4 MHP)


Message History

The black draconian knight breathes lightning at you.
The bolt of lightning hits the golden dragon!
The golden dragon resists.
The bolt of lightning hits the tentacled monstrosity!
The tentacled monstrosity resists.
The bolt of lightning hits your spellforged servitor.
Your spellforged servitor resists.
The bolt of lightning hits you!!! The bolt of lightning misses you.
The black draconian knight is engulfed in freezing vapours.
The tentacled monstrosity is engulfed in freezing vapours.
You kill the tentacled monstrosity!
Makhleb accepts your kill.
The black draconian is engulfed in freezing vapours.
The black draconian breathes lightning at you.
The bolt of lightning hits the golden dragon!
The golden dragon resists.
The bolt of lightning hits your spellforged servitor!
Your spellforged servitor resists.
The bolt of lightning hits you!! x2
The golden dragon is engulfed in freezing vapours.
The golden dragon breathes poison at you.
The blast of poison engulfs your spellforged servitor.
Your spellforged servitor completely resists.
The white draconian stormcaller is engulfed in freezing vapours.
The green draconian is engulfed in freezing vapours.
Your spellforged servitor casts a spell at the golden dragon.
The stone arrow hits the golden dragon!!
Training target 14.0 for Throwing reached!
Your Throwing skill increases to level 14!
You need to enable at least one skill for training.
You feel charge building up...
The black draconian knight is engulfed in freezing vapours.
The black draconian knight seems to slow down.
The black draconian knight breathes lightning at you.
The bolt of lightning hits your spellforged servitor!
Your spellforged servitor resists.
The bolt of lightning hits you!!!
* * * LOW HITPOINT WARNING * * *
The bolt of lightning hits you!!!
You die...

#....#...#......##..#
##........#..k...##dd#
#.........#.qd...##d##
###.§...§..ddd...#d##
##.☼☼☼##qDq##.))##
y.###☼§##§#.##q)## ...
#☼○#☼##§##D##
#...##☼9##...q##
#...#@###...##
##...####...##
.......+.D.##
8.....8#..##
.........## ##...#####
#.


You could see 2 draconians, a golden dragon (distracted, catching breath), a
black draconian (slow), a yellow draconian (slow), a green draconian (slow), a
white draconian, a white draconian stormcaller, a swamp drake (summoned) and a
friendly spellforged servitor (summoned).

Vanquished Creatures
  Antaeus (Coc:7)
  Asmodeus (Geh:7)
  the Royal Jelly (Slime:5)
  Frederick (Crypt:1)
  4 dread liches
  An ancient lich (Coc:4)
  Boris (Vaults:1)
  9 shard shrikes
  2 antique champions (WizLab)
  Margery (Vaults:5)
  Geryon (Hell)
  A curse toe (Crypt:3)
  Jory (Crypt:2)
  Nikola (Swamp:1)
  12 bone dragons
  A profane servitor (Tar:2)
  the Enchantress (Depths:4)
  Arachne (Spider:2)
  6 doom hounds
  8 Brimstone Fiends
  25 hellephants
  6 Tzitzimimeh
  17 Ice Fiends
  9 tentacled monstrosities
  Zenata (Crypt:3)
  A walking earthen tome (Depths:3)
  A walking crystal tome (Abyss:4)
  8 liches
  A tainted leviathan (Tar:2)
  A walking frostbound tome (Depths:3)
  Asterion (Elf:1)
  13 titans
  14 searing wretches
  3 quicksilver dragons
  An Executioner (Abyss:4)
  2 deep elf blademasters (Elf:3)
  2 deep elf master archers (Elf:3)
  A sphinx (Vaults:2)
  10 acid blobs
  33 tentacled starspawn
  2 ancient champions
  3 shadow dragons
  2 thorn hunters (Swamp:4)
  Kirke (D:15)
  Roxanne (Spider:2)
  17 azure jellies
  3 tengu reavers
  3 revenants
  Donald (Slime:2)
  2 storm dragons
  19 narguns
  8 rockslimes
  13 fire giants
  14 frost giants
  4 deep elf sorcerers
  3 fenstrider witches (Swamp:4)
  2 daevas
  3 draconian knights
  2 iron dragons (Hell)
  A draconian scorcher (Abyss:3)
  10 emperor scorpions
  24 vault wardens
  14 balrugs
  An orc warlord (Vaults:1)
  9 shard shrike simulacra
  A spectral juggernaut (Tar:2)
  Louise (Elf:1)
  4 ghost moths
  3 deep elf elementalists
  2 curse skulls
  3 cacodemons
  A spectral caustic shrike (Tar:1)
  2 juggernaut zombies (Abyss:3)
  25 ironbound preservers
  7 ghouls
  6 reapers
  6 formless jellyfish
  3 spriggan defenders
  An angel (Abyss:3)
  The ghost of Utumev the Spry, an adept SpAl of Sif Muna (Elf:1)
  A draconian annihilator (Zot:1)
  10 quicksilver oozes
  7 stone giants
  5 vampire knights
  4 putrid mouths
  7 ironbound thunderhulks
  11 very ugly things
  A green draconian (Abyss:4)
  4 deep elf demonologists
  2 eleionomae (Swamp:4)
  23 elemental wellsprings
  6 deep elf death magi
  3 black draconians
  7 bunyips
  8 spark wasps
  2 yellow draconians
  4 deep elf annihilators
  A lorocyproca (Hell)
  A spectral titan (Tar:1)
  4 war gargoyles
  13 wendigos
  9 dire elephants
  2 white draconians (Depths:4)
  5 eidola
  3 blizzard demons
  A crystal guardian (Vaults:4)
  3 deep elf high priests
  8 ettins
  5 fire dragons
  4 green deaths
  7 jiangshi
  11 yaktaur captains
  4 entropy weavers
  6 great orbs of eyes
  5 salamander tyrants
  31 vault guards
  12 caustic shrike simulacra
  2 spectral spriggans (Tar:1)
  4 juggernaut simulacra
  4 ghost crabs
  4 ice dragons
  7 hydras
  A peacekeeper (Vaults:4)
  3 ogre magi (Swamp:4)
  4 spriggan skeletons
  7 rakshasas
  A fenstrider witch skeleton (Abyss:3)
  2 spriggan air magi
  8 ironbound frosthearts
  A catoblepas (Lair:3)
  2 radroaches
  3 alligators (Swamp:4)
  A torpor snail (shapeshifter) (Vaults:5)
  5 two-headed ogres
  7 stokers
  10 centaur warriors
  12 boulder beetles
  A sphinx skeleton (Crypt:1)
  3 death knights
  8 deep troll earth magi
  A naga warrior (Abyss:3)
  22 hell hogs
  3 deep troll shamans
  2 orc high priests (Orc:2)
  27 dancing weapons
  4 demonic crawlers
  4 spriggan berserkers
  2 tengu warriors
  12 hell knights
  5 vampire magi
  6 occultists
  18 thrashing horrors
  Sonja (Lair:5)
  A titan zombie (Depths:3)
  5 soul eaters
  A storm dragon zombie (Depths:3)
  6 sun demons
  24 wretched stars
  5 iron trolls
  14 deep elf knights
  3 skysharks
  A spectral naga (Tar:2)
  5 pharaoh ants
  2 spatial maelstroms
  4 death drakes
  9 sixfirhies
  A shining eye (shapeshifter) (Vaults:5)
  A spectral anaconda (Tar:1)
  Nergalle (D:11)
  2 anaconda zombies
  2 salamander mystics (Depths:4)
  18 skeletal warriors
  4 goliath frogs
  4 shadow demons
  4 shadow wraiths
  A storm dragon skeleton (WizLab)
  4 flayed ghosts
  4 spriggan druids
  11 quicksilver dragon simulacra
  7 glowing orange brains
  4 arcanists
  3 swamp dragons
  2 golden dragon zombies
  52 deep trolls
  An orange crystal statue (Depths:1)
  5 bog bodies
  13 ironbound convokers
  6 deep elf archers
  5 lindwurms
  A fenstrider witch simulacrum (Hell)
  Pikel (D:4)
  A harpy (Vaults:3)
  5 orb spiders
  6 steelbarb worms
  5 phantasmal warriors
  3 spriggan simulacra
  4 orc knights (Vaults:5)
  27 deep elf zephyrmancers
  13 wolf spiders
  9 necromancers
  3 manticores
  8 shining eyes
  7 orc sorcerers
  A goliath frog skeleton (Crypt:1)
  20 deep elf pyromancers
  2 oklob plants (Lair:1)
  A stone giant zombie (Abyss:3)
  6 will-o-the-wisps
  3 moths of wrath
  A cyclops (Orc:1)
  34 ugly things
  3 salamanders
  A spectral ettin (Tar:1)
  Maurice (D:7)
  A spectral centaur (Tar:1)
  14 elephants
  An iron dragon skeleton (Crypt:3)
  A naga zombie (Hell)
  8 black mambas
  3 ice statues
  A fire giant skeleton (Crypt:3)
  7 meliai
  9 worldbinders
  An eye of devastation (Elf:1)
  7 titan simulacra
  A meliai (shapeshifter) (Elf:1)
  5 apocalypse crabs
  16 vault sentinels
  2 kobold blastminers (Orc:1)
  9 rust devils (Hell)
  21 smoke demons
  A guardian serpent (Abyss:3)
  2 orange demons
  17 cane toads
  2 water nymphs (shapeshifter) (Vaults:5)
  A naga mage (Abyss:4)
  6 torpor snails
  5 molten gargoyles (Hell)
  5 unseen horrors
  A dire elephant skeleton (Abyss:3)
  56 large abominations
  2 kobold demonologists (D:9)
  18 hellions
  A gargoyle (D:13)
  7 komodo dragons
  4 efreet
  5 rime drakes
  3 anaconda simulacra
  18 ancient zymes
  27 yaktaurs
  A bunyip simulacrum (Coc:2)
  2 iron giant simulacra
  A harpy zombie (Abyss:4)
  3 tengu conjurers
  5 tormentors
  3 golden dragon simulacra
  11 freezing wraiths
  A hydra zombie (Crypt:1)
  4 ice devils
  A polar bear (Lair:5)
  A sea snake skeleton (Crypt:1)
  2 bloated husks (Swamp:2)
  9 trolls
  A silent spectre (Tar:1)
  A polar bear (shapeshifter) (Abyss:4)
  2 queen bees
  4 hellwings
  A tarantella (shapeshifter) (Abyss:4)
  8 tyrant leeches
  A raiju (shapeshifter) (Abyss:4)
  53 raiju
  Prince Ribbit (D:7)
  7 hornets
  A glass eye (Depths:2)
  An ettin zombie (WizLab)
  4 stone giant simulacra
  32 blink frogs
  9 tarantellas
  A snapping turtle (shapeshifter) (Vaults:5)
  3 iron dragon simulacra
  21 jumping spiders
  11 spriggans
  A centaur simulacrum (Abyss:3)
  A shadow (D:11)
  40 yaks
  19 culicivoras
  45 slime creatures
  A guardian serpent skeleton (Crypt:2)
  3 wyverns
  6 dire elephant simulacra
  9 water elementals
  A yak (shapeshifter) (Abyss:3)
  5 vampires
  16 ynoxinuls
  3 hogs (D:15)
  6 basilisks
  9 wraiths
  5 fire elementals
  2 fire bats (Abyss:3)
  A golden eye (shapeshifter) (Abyss:3)
  11 golden eyes
  A human (shapeshifter) (D:14)
  A warg (Orc:2)
  50 redbacks
  The ghost of Biscolet the Shooter, an amateur DsHu (D:5)
  7 vampire mosquitoes
  3 steam dragons
  24 chaos spawn
  14 neqoxecs
  A swamp worm (shapeshifter) (Vaults:5)
  15 harpy simulacra
  11 swamp worms
  3 acid dragons
  36 small abominations
  2 nagas (Abyss:3)
  19 water moccasins
  A snapping turtle zombie (Crypt:2)
  16 orc warriors
  2 swamp drakes
  A black bear (shapeshifter) (Abyss:4)
  An ice beast (D:6)
  2 sky beasts
  6 black bears
  45 laughing skulls
  4 ogres
  2 boggarts (Depths:1)
  8 ettin simulacra
  10 centaurs
  13 wolves
  A swamp dragon skeleton (WizLab)
  6 kobold brigands
  A phantom (D:8)
  A bullfrog (shapeshifter) (Abyss:4)
  13 bullfrogs
  8 weeping skulls
  3 brain worms (Abyss:3)
  3 cyclops zombies (WizLab)
  3 gnoll sergeants
  2 scorpions
  3 naga simulacra
  5 earth elementals
  11 wights
  A cyclops skeleton (Crypt:3)
  26 killer bees
  A swamp dragon simulacrum (Coc:1)
  An electric eel (Lair:2)
  3 howler monkeys (D:7)
  A bombardier beetle (D:7)
  A crimson imp (Abyss:3)
  5 hounds
  6 quasits
  A centaur zombie (Crypt:3)
  3 jellies
  17 orc priests
  An iguana (D:3)
  4 iron imps
  47 starcursed masses
  A gnoll bouda (D:7)
  Jessica (D:3)
  A cyclops simulacrum (WizLab)
  42 orc wizards
  A killer bee zombie (Crypt:3)
  A tengu skeleton (Crypt:2)
  A deep dwarf skeleton (Crypt:3)
  8 mummies (Ossuary)
  Robin (D:3)
  16 gnolls
  3 adders
  15 white imps
  4 ufetubi
  68 orcs
  9 ball pythons
  6 bats
  8 endoplasms
  A giant cockroach (D:1)
  A gnoll zombie (Ossuary)
  11 goblins
  12 hobgoblins
  6 jackals
  5 quokkas
  5 frilled lizards
  A goblin skeleton (Crypt:1)
  19 kobolds
  2 kobold zombies (Ossuary)
  5 orc zombies (Ossuary)
  2 rats
  10 creeping infernos
  21 fulminant prisms
  2 lurking horrors
  8 starspawn tentacles
2733 creatures vanquished.

Vanquished Creatures (collateral kills)
  An ancient lich (Vaults:5)
  Bai Suzhen (Spider:4)
  Vv (Crypt:3)
  A shard shrike (Coc:7)
  A caustic shrike (Depths:2)
  Saint Roka (Vaults:5)
  A bone dragon (Abyss:3)
  A tentacled monstrosity (Vaults:5)
  4 liches
  4 sphinxes
  3 searing wretches
  2 tentacled starspawn (Abyss:3)
  4 acid blobs
  5 ancient champions
  A tengu reaver (Vaults:5)
  A shadow dragon (Vaults:5)
  2 rockslimes (Slime:4)
  A thorn hunter (Swamp:4)
  3 storm dragons
  3 fenstrider witches
  3 narguns (Coc:7)
  2 azure jellies
  5 frost giants
  A fire giant (Geh:7)
  2 deep elf sorcerers (Vaults:5)
  5 balrugs
  10 vault wardens
  A curse skull (Crypt:3)
  A caustic shrike zombie (Depths:3)
  6 ironbound preservers
  6 ghouls
  3 spriggan defenders
  2 ironbound thunderhulks
  2 stone giants
  3 formless jellyfish
  A draconian annihilator (Depths:4)
  2 very ugly things
  2 eleionomae
  A juggernaut skeleton (WizLab)
  4 dire elephants
  2 green draconians (Depths:4)
  3 vampire knights
  3 deep elf death magi
  A war gargoyle (Vaults:4)
  A deep elf annihilator (Vaults:5)
  A wendigo (Hell)
  A yellow draconian (Depths:4)
  A red draconian (Zot:1)
  6 spark wasps
  7 jiangshi
  4 ettins
  A yaktaur captain (Vaults:5)
  A fire dragon (Depths:2)
  An entropy weaver (Spider:3)
  2 hydras
  5 vault guards
  2 salamander tyrants (Geh:2)
  A rakshasa (Depths:1)
  4 ghost crabs
  An ice dragon (Depths:3)
  A peacekeeper (Vaults:4)
  2 spriggan air magi (Depths:4)
  A stoker (Geh:5)
  A centaur warrior (Vaults:1)
  A boulder beetle (Spider:1)
  A death knight (Vaults:3)
  3 two-headed ogres (Vaults:5)
  2 ironbound frosthearts
  3 ogre magi
  4 alligators
  2 deep troll shamans
  12 hell hogs
  2 deep troll earth magi
  2 vampire magi
  An orc high priest (Vaults:5)
  4 hell knights
  5 spriggan berserkers
  3 soul eaters
  4 iron trolls
  7 skeletal warriors
  A flayed ghost (Crypt:2)
  A spriggan druid (Swamp:4)
  A golden dragon zombie (Depths:3)
  14 deep trolls
  A swamp dragon (Swamp:1)
  A glowing orange brain (Depths:3)
  A lindwurm (Vaults:1)
  A shadow dragon zombie (Crypt:2)
  An arcanist (Vaults:3)
  A necromancer (Depths:3)
  A harpy (shapeshifter) (Vaults:5)
  An orc knight (Vaults:5)
  6 phantasmal warriors
  3 ironbound convokers
  2 bog bodies
  A tengu skeleton (Depths:3)
  A deep elf zephyrmancer (Swamp:4)
  5 ugly things
  6 salamanders (Depths:4)
  3 will-o-the-wisps (Swamp:2)
  A frost giant skeleton (Crypt:2)
  3 large abominations
  A meliai (Abyss:3)
  A worldbinder (Abyss:3)
  A titan simulacrum (Hell)
  A spectral centaur (Tar:2)
  A water nymph (shapeshifter) (Vaults:5)
  2 storm dragon simulacra
  A smoke demon (Swamp:4)
  10 vault sentinels
  An eye of devastation (Elf:1)
  An orange demon (Swamp:4)
  A centaur skeleton (Hell)
  6 yaktaurs
  A swamp worm zombie (Crypt:3)
  A freezing wraith (Crypt:1)
  A starcursed mass (Abyss:3)
  2 bloated husks (Swamp:2)
  2 tyrant leeches
  A glass eye (Depths:4)
  2 hornets
  An ice dragon zombie (Crypt:1)
  2 culicivoras (Spider:1)
  A spriggan (Swamp:1)
  A vampire (WizLab)
  An ettin skeleton (WizLab)
  4 slime creatures
  2 wraiths
  3 small abominations
  A water elemental (Depths:1)
  3 redbacks
  4 vampire mosquitoes (Swamp:1)
  2 chaos spawn
  A merfolk zombie (Crypt:3)
  8 swamp worms
  2 deep troll zombies
  A two-headed ogre skeleton (WizLab)
  A deep troll skeleton (WizLab)
  A swamp drake (Swamp:2)
  4 laughing skulls (Crypt:1)
  2 ogres (Vaults:5)
  A naga simulacrum (Coc:7)
  2 weeping skulls (Abyss:3)
  A komodo dragon skeleton (Crypt:3)
  A cyclops skeleton (WizLab)
  A jelly (Abyss:3)
  A quasit (D:5)
  A sky beast zombie (Crypt:2)
  A lava snake skeleton (Crypt:2)
  An orc (Vaults:5)
  A starspawn tentacle (Abyss:3)
361 creatures vanquished.

Vanquished Creatures (others)
  An Executioner (Abyss:3)
  A jiangshi (Crypt:1)
  A caustic shrike simulacrum (Coc:1)
  A wretched star (Abyss:4)
  A death drake (Swamp:2)
  A spriggan simulacrum (Coc:1)
  2 deep elf pyromancers
  A guardian serpent (Abyss:3)
  3 large abominations
  An anaconda simulacrum (Coc:1)
  A yaktaur (Vaults:5)
  A bloated husk (Swamp:2)
  A tyrant leech (Swamp:2)
  An iron dragon simulacrum (Coc:1)
  A raiju (Abyss:3)
  A hornet (Depths:4)
  A small abomination (Abyss:4)
  A starcursed mass (Abyss:3)
  A ynoxinul (Abyss:3)
  A chaos spawn (Abyss:3)
  A neqoxec (Abyss:3)
  3 golden eyes
  A harpy simulacrum (Coc:1)
  A naga simulacrum (Hell)
  An iron imp (Abyss:2)
  An ufetubus (Abyss:3)
  26 foxfires
  234 fulminant prisms
  60 starspawn tentacles
351 creatures vanquished.

Grand Total: 3445 creatures vanquished

Notes
Turn   | Place    | Note
-------+----------+-------------------------------------------
     0 | D:1      | bonscott the Djinni Conjurer began the quest for the Orb.
     0 | D:1      | bonscott set off with the following spells memorised: Magic
                  | Dart, Searing Ray, Fulminant Prism, Iskenderun's Mystic
                  | Blast.
     0 | D:1      | Reached XP level 1. HP: 15/15 MP: 0/0
    84 | D:1      | Found Cyippent's General Store.
   162 | D:1      | Reached XP level 2. HP: 20/21 MP: 0/0
   212 | D:1      | Reached skill level 4 in Conjurations
   224 | D:1      | Found a faded altar of an unknown god.
   604 | D:1      | Bought a scroll of identify for 22 gold pieces
   604 | D:1      | Bought a scroll of identify for 22 gold pieces
   623 | D:2      | Reached XP level 3. HP: 24/25 MP: 0/0
   623 | D:2      | Learned a level 1 spell: Freeze
   940 | D:2      | Found Toinisuh's Book Emporium.
  1166 | D:2      | Reached XP level 4. HP: 29/31 MP: 0/0
  1567 | D:3      | Noticed Jessica
  1569 | D:3      | Killed Jessica
  1570 | D:3      | Reached skill level 5 in Spellcasting
  1570 | D:3      | Reached skill level 5 in Conjurations
  1570 | D:3      | Reached skill level 5 in Hexes
  1570 | D:3      | Reached skill level 5 in Summonings
  1570 | D:3      | Reached skill level 5 in Necromancy
  1570 | D:3      | Reached skill level 5 in Translocations
  1570 | D:3      | Reached skill level 5 in Fire Magic
  1570 | D:3      | Reached skill level 5 in Ice Magic
  1570 | D:3      | Reached skill level 5 in Air Magic
  1570 | D:3      | Reached skill level 5 in Earth Magic
  1570 | D:3      | Reached skill level 5 in Alchemy
  1570 | D:3      | Reached XP level 5. HP: 33/35 MP: 0/0
  1570 | D:3      | Learned a level 2 spell: Blink
  1994 | D:3      | Reached XP level 6. HP: 32/40 MP: 0/0
  2086 | D:3      | Noticed Robin
  2130 | D:3      | Killed Robin
  2656 | D:4      | Reached skill level 6 in Conjurations
  2917 | D:4      | Noticed a black bear
  3092 | D:4      | Killed a black bear
  3093 | D:4      | Reached skill level 1 in Fighting
  3093 | D:4      | Reached XP level 7. HP: 25/48 MP: 0/0
  3093 | D:4      | Learned a level 2 spell: Ensorcelled Hibernation
  3229 | D:5      | Entered Level 5 of the Dungeon
  3268 | D:5      | Noticed a water moccasin
  3283 | D:5      | Killed a water moccasin
  3395 | D:5      | Found a transporter.
  3418 | D:5      | Found a one-way gate to the infinite horrors of the Abyss.
  3418 | D:5      | Noticed Biscolet's ghost (amateur DsHu)
  3430 | D:5      | Found a transporter.
  3623 | D:5      | Found a staircase to the Ecumenical Temple.
  3629 | D:5      | Identified the +7 long sword of Indomitability {freeze,
                  | *Slow rElec rPois Will+++}
  3635 | Temple   | Entered the Ecumenical Temple
  3703 | D:5      | Found a sand-covered staircase.
  3708 | Ossuary  | Entered an ossuary
  4228 | D:5      | Reached skill level 7 in Conjurations
  4228 | D:5      | Reached XP level 8. HP: 47/56 MP: 0/0
  4434 | D:5      | Noticed Pikel
  4536 | D:4      | Killed Pikel
  4537 | D:4      | Reached skill level 8 in Conjurations
  4762 | D:7      | Reached XP level 9. HP: 46/60 MP: 0/0
  4762 | D:7      | Learned a level 3 spell: Stone Arrow
  4950 | D:7      | Reached skill level 9 in Conjurations
  5226 | D:8      | Noticed an elephant
  5249 | D:8      | Killed an elephant
  5250 | D:8      | Reached skill level 10 in Spellcasting
  5250 | D:8      | Reached skill level 10 in Conjurations
  5250 | D:8      | Reached skill level 10 in Hexes
  5250 | D:8      | Reached skill level 10 in Summonings
  5250 | D:8      | Reached skill level 10 in Necromancy
  5250 | D:8      | Reached skill level 10 in Translocations
  5250 | D:8      | Reached skill level 10 in Fire Magic
  5250 | D:8      | Reached skill level 10 in Ice Magic
  5250 | D:8      | Reached skill level 10 in Air Magic
  5250 | D:8      | Reached skill level 10 in Earth Magic
  5250 | D:8      | Reached skill level 10 in Alchemy
  5337 | D:8      | Found a staircase to the Lair.
  5346 | Lair:1   | Entered Level 1 of the Lair of Beasts
  5361 | Lair:1   | Reached XP level 10. HP: 60/67 MP: 0/0
  5436 | Lair:1   | Reached skill level 11 in Conjurations
  5446 | Lair:1   | Noticed a black mamba
  5456 | Lair:1   | Killed a black mamba
  5466 | Lair:1   | Noticed a cane toad
  5478 | Lair:1   | Killed a cane toad
  5649 | Lair:2   | Noticed a black mamba
  5657 | Lair:2   | Killed a black mamba
  5658 | Lair:2   | Reached skill level 12 in Conjurations
  5986 | Lair:3   | Noticed a black mamba
  5992 | Lair:3   | Reached XP level 11. HP: 57/71 MP: 0/0
  5992 | Lair:3   | Learned a level 5 spell: Freezing Cloud
  6000 | Lair:3   | Noticed a four-headed hydra
  6011 | Lair:3   | Killed a four-headed hydra
  6012 | Lair:3   | Reached skill level 13 in Conjurations
  6279 | Lair:2   | Found a staircase to the Swamp.
  6667 | Lair:3   | Noticed a catoblepas
  7033 | Lair:3   | Killed a catoblepas
  7041 | Lair:3   | Reached skill level 5 in Fighting
  7087 | Lair:2   | Reached XP level 12. HP: 14/81 MP: 0/0
  7542 | Lair:3   | Found a hole to the Spider Nest.
  7556 | Lair:3   | Reached skill level 5 in Dodging
  7715 | Lair:3   | Identified the +6 halberd of the Grinning Fulmar {drain,
                  | rElec Will- Dex+6 Stlth+}
  8142 | Lair:4   | Noticed a skyshark
  8152 | Lair:4   | Killed a skyshark
  8445 | Lair:5   | Entered Level 5 of the Lair of Beasts
  8455 | Lair:5   | Noticed Sonja
  8459 | Lair:5   | Killed Sonja
  8592 | Lair:5   | Noticed a four-headed hydra
  8768 | Lair:5   | Noticed a skyshark
  8768 | Lair:5   | Noticed a goliath frog
  8768 | Lair:5   | Killed a four-headed hydra
  9172 | Lair:5   | Reached XP level 13. HP: 86/94 MP: 0/0
  9172 | Lair:5   | Learned a level 5 spell: Borgnjor's Vile Clutch
  9312 | Lair:5   | Reached skill level 10 in Fighting
 10068 | Lair:5   | Reached skill level 14 in Conjurations
 10390 | Lair:5   | Reached skill level 10 in Dodging
 10821 | Lair:5   | Noticed an eight-headed hydra
 11298 | Lair:5   | Found a viscous altar of Jiyva.
 11298 | Lair:5   | Found a staircase to the Slime Pits.
 11456 | Lair:5   | Killed an eight-headed hydra
 11457 | Lair:5   | Reached XP level 14. HP: 88/106 MP: 0/0
 12467 | Lair:2   | Identified the +7 dagger of Accord {elec, Str+5}
 12790 | Lair:1   | Found the +8 demon blade "Leech" {evervamp, Harm ^Drain
                  | rN+}
 13221 | Lair:1   | Found a blossoming altar of Fedhas.
 13675 | D:10     | Entered Level 10 of the Dungeon
 13675 | D:10     | Found a staircase to the Orcish Mines.
 13685 | Orc:1    | Entered Level 1 of the Orcish Mines
 13691 | Orc:1    | Reached skill level 15 in Spellcasting
 13691 | Orc:1    | Reached skill level 15 in Conjurations
 13691 | Orc:1    | Reached skill level 15 in Hexes
 13691 | Orc:1    | Reached skill level 15 in Summonings
 13691 | Orc:1    | Reached skill level 15 in Necromancy
 13691 | Orc:1    | Reached skill level 15 in Translocations
 13691 | Orc:1    | Reached skill level 15 in Fire Magic
 13691 | Orc:1    | Reached skill level 15 in Ice Magic
 13691 | Orc:1    | Reached skill level 15 in Air Magic
 13691 | Orc:1    | Reached skill level 15 in Earth Magic
 13691 | Orc:1    | Reached skill level 15 in Alchemy
 13695 | Orc:1    | Reached skill level 1 in Shields
 14060 | Orc:2    | Entered Level 2 of the Orcish Mines
 14551 | Orc:2    | Reached skill level 5 in Shields
 14865 | Orc:2    | Found a staircase to the Elven Halls.
 14913 | Orc:2    | Found Voephizeac's Assorted Antiques.
 14914 | Orc:2    | Found Yluthru's Weapon Shop.
 14915 | Orc:2    | Found Fecreir's Assorted Antiques.
 14918 | Orc:2    | Found Beusaifi's Book Boutique.
 15158 | Orc:2    | Bought a scroll of identify for 50 gold pieces
 15158 | Orc:2    | Bought a sapphire potion for 22 gold pieces
 15879 | Orc:2    | Bought a pair of runed gloves for 217 gold pieces
 16256 | D:10     | Found an iron altar of Okawaru.
 16953 | D:15     | Entered Level 15 of the Dungeon
 16985 | D:15     | Found a staircase to the Depths.
 16988 | D:15     | Got a smoky gem with 2626 turns to spare
 17192 | D:14     | Reached XP level 15. HP: 57/112 MP: 0/0
 17192 | D:14     | Learned a level 6 spell: Sculpt Simulacrum
 18141 | D:7      | Noticed Maurice
 18150 | D:7      | Killed Maurice
 18160 | D:7      | Reached skill level 1 in Evocations
 18400 | D:7      | Found a burning altar of Makhleb.
 18407 | D:7      | Became a worshipper of Makhleb the Destroyer
 18434 | D:7      | Found a glowing golden altar of the Shining One.
 18436 | D:7      | Found an opulent altar of Gozag.
 18436 | D:7      | Found an ornate altar of the Wu Jian Council.
 18650 | D:7      | Noticed Prince Ribbit
 18655 | D:7      | Killed Prince Ribbit
 18898 | D:7      | Found a shimmering altar of Xom.
 19579 | D:8      | Found a shadowy altar of Dithmenos.
 19751 | D:9      | Reached * piety under Makhleb
 19868 | D:9      | Found a white marble altar of Elyvilon.
 20559 | D:10     | Found a portal to a secret trove of treasure.
 21045 | D:11     | Noticed Nergalle
 21050 | D:11     | Killed Nergalle
 21514 | D:12     | Reached skill level 5 in Evocations
 21721 | D:12     | Found a sacrificial altar of Ru.
 21941 | D:13     | Reached ** piety under Makhleb
 22598 | D:14     | Found a gate to the Vaults.
 22606 | D:14     | Reached skill level 5 in Armour
 23397 | D:14     | Found Igecotod's Antique Weapon Shoppe.
 23723 | D:15     | Noticed Kirke
 23734 | D:15     | Killed Kirke
 23759 | D:15     | Reached XP level 16. HP: 83/118 MP: 0/0
 23760 | D:15     | Reached *** piety under Makhleb
 23761 | D:15     | Reached skill level 10 in Shields
 24439 | D:15     | Identified the +8 spear "Jam Nudd" {drain, Int+5}
 24652 | Elf:1    | Entered Level 1 of the Elven Halls
 25314 | Elf:3    | Entered Level 3 of the Elven Halls
 25924 | Elf:3    | Identified the +0 robe "Jeod" {Rampage}
 25924 | Elf:3    | Noticed a deep elf master archer
 25929 | Elf:3    | Identified the ring of Ashenzari's Regard {rPois Str+6
                  | Int-5 Slay+4}
 26116 | Elf:3    | Reached **** piety under Makhleb
 26268 | Elf:3    | Noticed a deep elf blademaster
 26273 | Elf:3    | Noticed a deep elf blademaster
 26274 | Elf:3    | Killed a deep elf blademaster
 26277 | Elf:3    | Killed a deep elf master archer
 26280 | Elf:3    | Killed a deep elf blademaster
 26281 | Elf:3    | Identified the +2 robe "Ycoluph" {Will+ Slay+3}
 26452 | Elf:3    | Noticed a deep elf sorcerer
 26459 | Elf:3    | Killed a deep elf sorcerer
 26896 | Elf:3    | Reached skill level 10 in Armour
 26964 | Elf:3    | Identified the +1 leather armour "Ufuimmis" {Dex+4}
 26964 | Elf:3    | Noticed a deep elf master archer
 26970 | Elf:3    | Killed a deep elf master archer
 27069 | Elf:3    | Identified the staff of the Telling Soothsayer {rPois rF+
                  | Dex+3 Fire Alchemy}
 27240 | Elf:3    | Reached XP level 17. HP: 111/123 MP: 0/0
 27240 | Elf:3    | Learned a level 7 spell: Spellforged Servitor
 28240 | Elf:2    | Found a huge runed translucent gate.
 28240 | Elf:2    | Found a huge runed translucent gate.
 28240 | Elf:2    | Found a huge runed translucent gate.
 28240 | Elf:2    | Found a huge runed translucent gate.
 28240 | Elf:2    | Found a huge runed translucent gate.
 29011 | Elf:2    | Reached ***** piety under Makhleb
 29012 | Elf:2    | Reached skill level 10 in Evocations
 29733 | Elf:1    | Found Faihip Jaome's General Store.
 29740 | Elf:1    | Bought a potion of curing for 39 gold pieces
 29740 | Elf:1    | Bought 4 curare-tipped darts for 62 gold pieces
 29765 | Elf:1    | Found Ytahot's Assorted Antiques.
 29813 | Elf:1    | Found a transporter.
 29815 | Elf:1    | Found Udicigut's Weapon Shoppe.
 29823 | Elf:1    | Found a runed translucent gate.
 29823 | Elf:1    | Found a runed translucent gate.
 29823 | Elf:1    | Found a runed translucent gate.
 29824 | Elf:1    | Noticed an acid blob
 29826 | Elf:1    | Noticed Utumev's ghost (adept SpAl)
 29832 | Elf:1    | Noticed Asterion
 29833 | Elf:1    | Noticed Louise
 29856 | Elf:1    | Killed Asterion
 29871 | Elf:1    | Killed Louise
 30104 | Elf:1    | Found a transporter.
 30576 | Orc:2    | Bought a dented cameo amulet for 145 gold pieces
 30718 | Spider:1 | Entered Level 1 of the Spider Nest
 30815 | Spider:1 | Reached XP level 18. HP: 126/132 MP: 0/0
 31523 | Spider:4 | Entered Level 4 of the Spider Nest
 31525 | Spider:4 | Noticed Bai Suzhen
 31929 | Spider:4 | Reached ****** piety under Makhleb
 32176 | Spider:4 | Reached skill level 16 in Conjurations
 32477 | Spider:4 | Got a milky-white gem with 640 turns to spare
 32711 | Spider:4 | Got a gossamer rune of Zot
 33052 | Spider:4 | Killed Bai Suzhen
 33953 | Spider:2 | Noticed Roxanne
 34024 | Spider:2 | Noticed Arachne
 34034 | Spider:2 | Killed Arachne
 34309 | Spider:2 | Killed Roxanne
 34496 | Spider:2 | Reached skill level 17 in Conjurations
 34700 | Spider:1 | Reached XP level 19. HP: 130/140 MP: 0/0
 34700 | Spider:1 | Learned a level 7 spell: Summon Hydra
 35931 | Swamp:1  | Entered Level 1 of the Swamp
 36084 | Swamp:1  | Reached skill level 18 in Conjurations
 36129 | Swamp:1  | Noticed Nikola
 36138 | Swamp:1  | Killed Nikola
 36855 | Swamp:4  | Entered Level 4 of the Swamp
 37060 | Swamp:4  | Reached skill level 19 in Conjurations
 37499 | Swamp:4  | Got a mossy gem with 228 turns to spare
 37503 | Swamp:4  | Got a decaying rune of Zot
 37846 | Swamp:4  | Reached skill level 20 in Conjurations
 38412 | Swamp:3  | Reached XP level 20. HP: 106/147 MP: 0/0
 39016 | Swamp:3  | Noticed a tentacled monstrosity
 39023 | Swamp:3  | Killed a tentacled monstrosity
 40204 | Swamp:2  | Identified the +0 leather armour of Pantheism {Rampage rN+
                  | Str+4}
 40218 | Swamp:2  | Reached skill level 21 in Conjurations
 41215 | Vaults:1 | Entered Level 1 of the Vaults
 41556 | Vaults:1 | Noticed Boris
 41757 | Vaults:1 | Reached skill level 22 in Conjurations
 42114 | Vaults:3 | Reached skill level 15 in Fighting
 42223 | Vaults:3 | Reached XP level 21. HP: 133/155 MP: 0/0
 42223 | Vaults:3 | Learned a level 8 spell: Maxwell's Capacitive Coupling
 42504 | Vaults:4 | Found a magical portal.
 42521 | WizLab   | Entered Zonguldrok's Shrine
 42567 | WizLab   | Reached skill level 15 in Armour
 43056 | WizLab   | Noticed an antique champion
 43056 | WizLab   | Noticed an antique champion
 43083 | WizLab   | Killed an antique champion
 43086 | WizLab   | Killed an antique champion
 43417 | Vaults:5 | Entered Level 5 of the Vaults
 43426 | Vaults:5 | Reached skill level 23 in Conjurations
 43598 | Vaults:5 | Identified the ring of Eternal Harmony {rF+ Will+ Str-4
                  | Stlth+}
 43626 | Vaults:5 | Noticed Saint Roka
 43626 | Vaults:5 | Identified the +3 great sword of Uncertain Death
                  | {antimagic, rElec rPois Str+3}
 43627 | Vaults:5 | Noticed Margery
 43629 | Vaults:5 | Reached skill level 24 in Conjurations
 43667 | Vaults:5 | Killed Margery
 43681 | Vaults:5 | Killed Saint Roka
 43745 | Vaults:5 | Reached XP level 22. HP: 67/161 MP: 0/0
 43925 | Vaults:5 | Reached skill level 25 in Conjurations
 44024 | Vaults:5 | Identified the ring "Uxie" {Will+ rCorr}
 44037 | Vaults:5 | Got a shining gem with 1647 turns to spare
 44047 | Vaults:5 | Got a silver rune of Zot
 44121 | Vaults:5 | Reached skill level 1 in Throwing
 44622 | Vaults:5 | Noticed an ancient lich
 44632 | Vaults:5 | Killed an ancient lich
 44633 | Vaults:5 | Reached skill level 5 in Throwing
 44698 | Vaults:5 | Identified the +2 orcbow of the Leaping Seeker {freeze,
                  | rElec rPois rF++ Str-5}
 44706 | Vaults:5 | Identified the +2 orcbow "Mifenywael" {drain, ^Drain rF+
                  | rC++}
 44761 | Vaults:5 | Identified the +7 plate armour "Afiarraw" {rC- Int+4 Dex+6}
 44764 | Vaults:5 | Identified the +1 great sword "Jasof" {venom, +Blink}
 44764 | Vaults:5 | Identified the ring of the Fiend {rN+ Str+3 Int+2 Dex-5}
 44978 | Vaults:5 | Identified the staff of Rixism {rN+ Dex+4 Necro Alchemy}
                  | (You took it off a deep elf zephyrmancer on level 5 of the
                  | Vaults)
 45567 | Vaults:5 | Reached XP level 23. HP: 132/161 MP: 0/0
 45567 | Vaults:5 | Learned a level 7 spell: Enfeeble
 45850 | Vaults:5 | Identified the +7 mace of Intense Judgement {venom, ^Contam
                  | rElec rPois Dex+4}
 45887 | Vaults:5 | Identified the +1 longbow "Ocos" {drain, Dex+2}
 46177 | Vaults:5 | Identified the +1 leather armour of Macaroni {-Tele Will+
                  | Dex+2}
 46345 | Vaults:5 | Identified the ring "Baeshin" {rPois rF+ Str-2 Int+5}
 46693 | Vaults:3 | Reached skill level 10 in Throwing
 47755 | Vaults:2 | Identified a scroll of acquirement
 48385 | Vaults:1 | Killed Boris
 48822 | Vaults:3 | Reached skill level 15 in Shields
 48980 | Vaults:3 | Found Fauntyta's Armour Emporium.
 48987 | Vaults:3 | Bought the +2 helmet "Zuuroqay" {Regen+ SInv} for 462 gold
                  | pieces
 49035 | Vaults:3 | Reached XP level 24. HP: 167/174 MP: 0/0
 49412 | Vaults:3 | Found a staircase to the Crypt.
 51115 | Vaults:2 | Acquired a manual of Shields
 51330 | Depths:1 | Entered Level 1 of the Depths
 51439 | Depths:1 | Identified the staff "Killer Klown's Doom" {rC+ Dex+3 Tloc
                  | Ice}
 51761 | Depths:3 | Reached XP level 25. HP: 140/184 MP: 0/0
 51761 | Depths:3 | Learned a level 8 spell: Summon Horrible Things
 51912 | Depths:3 | Found a one-way gateway to a ziggurat.
 51999 | Depths:4 | Entered Level 4 of the Depths
 52306 | Depths:4 | Found a gate to the Realm of Zot.
 52504 | Depths:4 | Got a midnight gem with 1839 turns to spare
 52829 | Depths:1 | Found a one-way gate leading to the halls of Pandemonium.
 52886 | Depths:1 | Found a gateway to Hell.
 52970 | Depths:1 | Reached skill level 26 in Conjurations
 53393 | Depths:2 | Noticed a caustic shrike
 53407 | Depths:2 | Killed a caustic shrike
 53605 | Depths:2 | Found a gateway to a bazaar.
 53637 | Bazaar   | Entered a bazaar
 53637 | Bazaar   | Found Imoduyg's Jewellery Shoppe.
 53637 | Bazaar   | Found Kocvyra's Distillery.
 53637 | Bazaar   | Found Ossoteen's Assorted Antiques.
 53639 | Bazaar   | Found Liptut's Antique Armour Shop.
 53696 | Bazaar   | Bought a wand of roots (7) for 319 gold pieces
 53696 | Bazaar   | Bought a triangular bronze amulet for 95 gold pieces
 53704 | Bazaar   | Bought the ring of the Inquisitive Wars {rPois rC+ Will+++
                  | Str+2 Int-2} for 577 gold pieces
 53707 | Bazaar   | Bought a potion of curing for 33 gold pieces
 53707 | Bazaar   | Bought a potion of might for 44 gold pieces
 53707 | Bazaar   | Bought a potion of curing for 33 gold pieces
 55648 | Depths:4 | Found Mestof's Magic Scroll Emporium.
 55769 | Depths:4 | Found a hide-covered altar of Uskayaw.
 55908 | Depths:4 | Noticed the Enchantress
 55919 | Depths:4 | Killed the Enchantress
 55920 | Depths:4 | Reached XP level 26. HP: 105/191 MP: 0/0
 56089 | Depths:4 | Identified the +9 demon trident "Kiph" {elec, rF+}
 56725 | Crypt:1  | Entered Level 1 of the Crypt
 57007 | Crypt:1  | Found a transporter.
 57115 | Crypt:1  | Identified the +0 long sword of Diet Blood {vamp, rF-
                  | Int+4}
 57220 | Crypt:1  | Noticed Heot Zafel's ghost (veteran MiGl)
 57224 | Crypt:1  | Noticed Ciwiv's ghost (veteran FoFi)
 57228 | Crypt:1  | Noticed Hali's ghost (veteran FoFi)
 57234 | Crypt:1  | Found a transporter.
 57497 | Crypt:2  | Identified the +2 ring mail of Compression {rCorr Str+7
                  | Int-3}
 57506 | Crypt:3  | Entered Level 3 of the Crypt
 57667 | Crypt:3  | Noticed a curse toe
 57796 | Crypt:3  | Killed a curse toe
 57855 | Crypt:3  | Found the +8 demon trident "Rift" {distort, reach+}
 57857 | Crypt:3  | Noticed a dread lich
 57859 | Crypt:3  | Noticed Zenata
 57860 | Crypt:3  | Identified the +2 dire flail of Unnyam {freeze, rF+ rC+ rN+
                  | rCorr}
 57862 | Crypt:3  | Got an ivory gem with 661 turns to spare
 57867 | Crypt:3  | Noticed Jory
 57875 | Crypt:3  | Noticed Vv
 58031 | Crypt:1  | Identified the orb of Pantheism {*channel, rN+ Int-5 Dex+3
                  | SInv Conj}
 58031 | Crypt:1  | Noticed Frederick
 58042 | Crypt:1  | Killed Frederick
 59382 | Crypt:3  | Killed Zenata
 59461 | Crypt:3  | Killed Vv
 59687 | Crypt:2  | Killed Jory
 59926 | Crypt:3  | Reached skill level 1 in Shapeshifting
 59943 | Crypt:3  | Killed a dread lich
 59944 | Crypt:3  | Reached XP level 27. HP: 190/196 MP: 0/0
 59944 | Crypt:3  | Learned a level 9 spell: Polar Vortex
 60154 | Crypt:3  | Found a staircase to the Tomb.
 60213 | Crypt:3  | Identified the staff "Guhy" {rF+ rC+ Hexes Fire}
 60234 | Crypt:3  | Identified the +6 scimitar "Killer Bee's Peril" {venom,
                  | ^Contam rC+++ rCorr Dex+3}
 60866 | Slime:1  | Entered Level 1 of the Pits of Slime
 60877 | Slime:1  | Gained mutation: Armour fits poorly on your strangely
                  | shaped body. [mutagenic glow]
 60896 | Slime:1  | Gained mutation: You are weak. (Str -2) [mutagenic glow]
 60971 | Slime:2  | Gained mutation: Your health recovers twice as slowly from
                  | being drained. [a shining eye]
 61026 | Slime:4  | Reached skill level 27 in Conjurations
 61043 | Slime:5  | Entered Level 5 of the Pits of Slime
 61043 | Slime:5  | Found the +7 mace of Variability {chaos, chaos arc}
 61095 | Slime:5  | Noticed the Royal Jelly
 61295 | Slime:5  | Found the +0 pair of fencer's gloves {Riposte Dex+3}
 61301 | Slime:5  | Gained mutation: You are very vulnerable to cold. (rC--) [a
                  | shining eye]
 61351 | Slime:5  | Found a viscous altar of Jiyva.
 61432 | Slime:5  | Killed the Royal Jelly
 61442 | Slime:5  | Identified the +8 chain mail of Cloud Cover {Harm +Blink
                  | Will-}
 61450 | Slime:5  | Identified the ring "Tuitotif" {rElec rF+ Slay+3}
 61451 | Slime:5  | Got a starry gem with 17 turns to spare
 61977 | Slime:5  | Identified the +1 hand axe "Yvvikeh" {vamp, rCorr}
 62096 | Slime:5  | Identified the +1 shortbow of Joregogg {elec, Dex+3 Stlth+}
 62097 | Slime:5  | Identified the +8 war axe "Veiphoum" {vamp, Fly}
 62100 | Slime:5  | Identified the +0 plate armour of Loss {Harm rC+++ SInv}
 62144 | Slime:5  | Identified the staff "Teawir" {rC+ Int+2 Dex+2 Ice}
 62173 | Slime:5  | Got a slimy rune of Zot
 62291 | Slime:2  | Noticed Donald
 62298 | Slime:2  | Killed Donald
 62637 | D:15     | Acquired the scarf of Ezijiovi {rC+ rF+, Int+4}
 62650 | D:15     | Acquired a manual of Shapeshifting
 62674 | Hell     | Entered the Vestibule of Hell
 62674 | Hell     | Noticed Geryon
 62687 | Hell     | HP: 8/190 [??? (6)]
 62864 | Depths:2 | Lost mutation: You are weak. (Str -2) [potion of mutation]
 62864 | Depths:2 | Lost mutation: Armour fits poorly on your strangely shaped
                  | body. [potion of mutation]
 62864 | Depths:2 | Lost mutation: Your health recovers twice as slowly from
                  | being drained. [potion of mutation]
 62864 | Depths:2 | Gained mutation: You have a pair of small horns on your
                  | head. [potion of mutation]
 62864 | Depths:2 | Gained mutation: You are strong-willed. (Will+) [potion of
                  | mutation]
 62866 | Depths:2 | Lost mutation: You are very vulnerable to cold. (rC--)
                  | [potion of mutation]
 62866 | Depths:2 | Lost mutation: You have a pair of small horns on your head.
                  | [potion of mutation]
 62866 | Depths:2 | Gained mutation: You occasionally lose the ability to drink
                  | potions when taking damage. [potion of mutation]
 62873 | Depths:2 | Voluntarily entered the Abyss.
 63001 | Abyss:2  | Found a corrupted altar of Lugonu.
 63179 | Abyss:3  | Found a basalt altar of Yredelemnul.
 63180 | Abyss:3  | Found a basalt altar of Yredelemnul.
 63193 | Abyss:3  | Got an abyssal rune of Zot
 63216 | Depths:2 | Escaped the Abyss
 63218 | Depths:2 | Lost mutation: You are strong-willed. (Will+) [potion of
                  | mutation]
 63218 | Depths:2 | Lost mutation: You occasionally lose the ability to drink
                  | potions when taking damage. [potion of mutation]
 63218 | Depths:2 | Gained mutation: You have a pair of small horns on your
                  | head. [potion of mutation]
 63219 | Depths:2 | Lost mutation: You have a pair of small horns on your head.
                  | [potion of mutation]
 63984 | Hell     | Killed Geryon
 64010 | Hell     | Found a gateway to the freezing wastes of Cocytus.
 64067 | Hell     | Found a gateway to the decaying netherworld of Tartarus.
 64218 | Hell     | Found a gateway to the ashen valley of Gehenna.
 64250 | Hell     | Found a gateway to the Iron City of Dis.
 64524 | Elf:1    | Found a viscous altar of Jiyva.
 64543 | Elf:1    | Killed Utumev's ghost
 64632 | Elf:1    | Bought a scroll of enchant armour for 97 gold pieces
 64632 | Elf:1    | Bought a potion of mutation for 104 gold pieces
 64636 | Elf:1    | Bought a scroll of torment for 123 gold pieces
 64685 | Orc:2    | Bought a crystal dagger for 203 gold pieces
 64685 | Orc:2    | Identified the +3 dagger "Iqatasao" {spect, rElec rC+ Dex-4
                  | Stlth+} (You bought it in a shop on level 2 of the Orcish
                  | Mines)
 64836 | D:5      | Killed Biscolet's ghost
 65797 | Depths:2 | Voluntarily entered the Abyss.
 65813 | Abyss:3  | Found a corrupted altar of Lugonu.
 66262 | Abyss:3  | Noticed a dread lich
 66274 | Abyss:3  | Killed a dread lich
 66334 | Abyss:3  | Reached skill level 5 in Shapeshifting
 66834 | Abyss:3  | Reached skill level 10 in Shapeshifting
 66922 | Depths:2 | Escaped the Abyss
 66966 | Depths:2 | Voluntarily entered the Abyss.
 67001 | Abyss:3  | Found a corrupted altar of Lugonu.
 67101 | Abyss:3  | Found a corrupted altar of Lugonu.
 67717 | Depths:2 | Escaped the Abyss
 67745 | Depths:2 | Voluntarily entered the Abyss.
 68488 | Abyss:3  | Found a corrupted altar of Lugonu.
 68542 | Abyss:4  | Found a corrupted altar of Lugonu.
 68824 | Abyss:4  | Reached skill level 15 in Shapeshifting
 69500 | Depths:2 | Escaped the Abyss
 69553 | Depths:2 | Voluntarily entered the Abyss.
 70481 | Abyss:4  | Paralysed by accursed screaming for 1 turns
 70550 | Abyss:4  | Found a corrupted altar of Lugonu.
 70556 | Depths:2 | Escaped the Abyss
 70701 | Coc:1    | Entered Level 1 of Cocytus
 71213 | Coc:2    | Paralysed by a wendigo for 1 turns
 71738 | Coc:4    | Noticed an ancient lich
 72022 | Coc:4    | Killed an ancient lich
 72206 | Coc:4    | Noticed a shard shrike
 72212 | Coc:4    | Killed a shard shrike
 72354 | Coc:4    | Noticed a shard shrike
 72461 | Coc:4    | Killed a shard shrike
 73064 | Coc:7    | Entered Level 7 of Cocytus
 73287 | Coc:7    | Paralysed by a wendigo for 1 turns
 73663 | Coc:7    | Paralysed by a wendigo for 1 turns
 73667 | Coc:7    | Paralysed by a wendigo for 1 turns
 73698 | Coc:7    | Paralysed by a wendigo for 1 turns
 73940 | Coc:7    | Paralysed by a wendigo for 1 turns
 73945 | Coc:7    | Paralysed by a wendigo for 1 turns
 74026 | Coc:7    | Noticed a shard shrike
 74028 | Coc:7    | Noticed a shard shrike
 74031 | Coc:7    | Noticed a shard shrike
 74032 | Coc:7    | Noticed a shard shrike
 74044 | Coc:7    | Killed a shard shrike
 74202 | Coc:7    | Noticed a shard shrike
 74207 | Coc:7    | Killed a shard shrike
 74402 | Coc:7    | Killed a shard shrike
 74470 | Coc:7    | Killed a shard shrike
 74471 | Coc:7    | HP: 2/199 [titan/bolt of lightning (49)]
 74812 | Coc:7    | Noticed a shard shrike
 74856 | Coc:7    | Noticed a shard shrike
 74863 | Coc:7    | Killed a shard shrike
 74892 | Coc:7    | Noticed a shard shrike
 74905 | Coc:7    | Killed a shard shrike
 75070 | Coc:7    | Identified the ring of Suspected Treachery {rPois rN++ MP+9
                  | Int+3 Stlth+}
 75070 | Coc:7    | Noticed Antaeus
 75093 | Coc:7    | Killed Antaeus
 75111 | Coc:7    | Got an icy rune of Zot
 75116 | Coc:7    | Identified the +1 hand axe of Lointy {antimagic, rPois rC++
                  | Will- Int+4}
 75117 | Coc:7    | Identified the staff of Internal Strife {rF+ rC+ Str-3
                  | Int+4 Fire}
 75229 | Coc:7    | Killed a shard shrike
 75266 | Coc:7    | Killed a shard shrike
 75514 | Coc:7    | Found the sphere of Battle
 75968 | Geh:1    | Entered Level 1 of Gehenna
 76129 | Geh:1    | Paralysed by a Zot trap for 5 turns
 76756 | Geh:3    | Noticed a dread lich
 76772 | Geh:3    | Killed a dread lich
 77947 | Geh:7    | Entered Level 7 of Gehenna
 80128 | Geh:7    | Identified the +0 scale mail "Qiwnuh" {Int+5}
 80247 | Geh:7    | Found the +13 sceptre of Asmodeus
 80247 | Geh:7    | Identified the +2 robe "Idghyraf" {rPois rC+ MP+9 Int+3}
 80247 | Geh:7    | Identified the ring "Epori" {rPois rF++ rC+ rCorr Stlth+}
 80247 | Geh:7    | Noticed Asmodeus
 80251 | Geh:7    | Killed Asmodeus
 80258 | Geh:7    | Identified the +9 great sword "Arif" {flame, Int+4}
 80258 | Geh:7    | Identified the ring of the Princeling {rF+ Will+ Str+4
                  | Int+2 Dex+3}
 80284 | Geh:7    | Found the amulet of Vitality {RegenMP++ Regen++}
 80293 | Geh:7    | Found the +4 consecrated labrys {holy, Valiant ^Fragile Fly
                  | SInv}
 80305 | Geh:7    | Got an obsidian rune of Zot
 80311 | Geh:7    | Identified the +1 cloak of Anarchy {Dex+5}
 80315 | Geh:7    | Identified the +0 chain mail "Restyisk" {Rampage rPois
                  | Will+ Str-3}
 80316 | Geh:7    | Identified the +0 ring mail of Fabulous Wonder {+Inv}
 80336 | Geh:7    | Identified the +4 tower shield of Ennui {rN+++ Int-4 Dex-2
                  | SInv}
 80664 | Tar:1    | Entered Level 1 of Tartarus
 81101 | Tar:2    | Found a huge runed translucent gate.
 81101 | Tar:2    | Found a huge runed translucent gate.
 81101 | Tar:2    | Found a huge runed translucent gate.
 81102 | Tar:2    | Found a huge runed translucent gate.
 81103 | Tar:2    | Found a huge runed translucent gate.
 81103 | Tar:2    | Found a huge runed translucent gate.
 81104 | Tar:2    | Found a huge runed translucent gate.
 81105 | Tar:2    | Found a huge runed translucent gate.
 81142 | Tar:2    | Found a huge runed translucent gate.
 81144 | Tar:2    | Found a huge runed translucent gate.
 81145 | Tar:2    | Found a huge runed translucent gate.
 81146 | Tar:2    | Found a huge runed translucent gate.
 81147 | Tar:2    | Found a huge runed translucent gate.
 81148 | Tar:2    | Found a huge runed translucent gate.
 81148 | Tar:2    | Found a huge runed translucent gate.
 81159 | Tar:2    | Found a huge runed translucent gate.
 81166 | Tar:2    | Found a huge runed translucent gate.
 81166 | Tar:2    | Found a huge runed translucent gate.
 81167 | Tar:2    | Found a huge runed translucent gate.
 81168 | Tar:2    | Found a huge runed translucent gate.
 81169 | Tar:2    | Found a huge runed translucent gate.
 81170 | Tar:2    | Found a huge runed translucent gate.
 81171 | Tar:2    | Found a huge runed translucent gate.
 81171 | Tar:2    | Found a huge runed translucent gate.
 81175 | Tar:2    | Found a huge runed translucent gate.
 81176 | Tar:2    | Found a huge runed translucent gate.
 81177 | Tar:2    | Found a huge runed translucent gate.
 81177 | Tar:2    | Found a huge runed translucent gate.
 81179 | Tar:2    | Found a huge runed translucent gate.
 81180 | Tar:2    | Found a huge runed translucent gate.
 81181 | Tar:2    | Found a huge runed translucent gate.
 81182 | Tar:2    | Found a huge runed translucent gate.
 81182 | Tar:2    | Found a huge runed translucent gate.
 81186 | Tar:2    | Found a huge runed translucent gate.
 81187 | Tar:2    | Found a huge runed translucent gate.
 81188 | Tar:2    | Found a huge runed translucent gate.
 81211 | Tar:2    | Noticed a dread lich
 81753 | Tar:2    | Killed a dread lich
 81943 | Zot:1    | Entered Level 1 of the Realm of Zot
 82088 | Zot:1    | Killed from afar by a black draconian knight

Illustrated notes

Levels and vault maps discovered:
D:1:      wander_arrival_peaceful_grave, layout_basic,
          shapermc_ecumenical_altar_starsandcircs, serial_shops,
          nicolae_shop_waterfront
D:2:      layout_basic, serial_shops, nicolae_shop_tiny_real_fake_doors
D:3:      layout_basic, uniq_robin, uniq_jessica
D:4:      layout_cave_pools, serial_forest, infiniplex_forest_lined_ring,
          infiniplex_forest_clump_double, infiniplex_forest_lined_ring,
          infiniplex_forest_corner_1, infiniplex_forest_lined_room_2,
          infiniplex_forest_side_room, infiniplex_forest_end_3,
          nicolae_elevator_lobby_plus
D:5:      layout_gridville, lemuel_crystal_altar, minmay_temple_entry_hall,
          gammafunk_ghost_abyssal_escape, enter_ossuary_2,
          serial_co_window_serial, co_window_corner_a, co_window_paths_a,
          co_window_corner_a, co_window_paths_a, co_window_paths_b,
          co_window_of_opportunity_a, co_window_paths_b, co_window_paths_a,
          co_window_paths_a, co_window_of_opportunity_b,
          co_window_of_opportunity_b, co_window_broadway_a,
          co_window_of_opportunity_b, co_window_of_opportunity_c,
          co_window_2corner, glass_columns_c, glass_columns_a, uniq_pikel
D:6:      layout_gridville
D:7:      layout_basic, kennysheep_little_box, minitemple,
          makhleb_heckhound_becter, uniq_prince_ribbit1, uniq_maurice
D:8:      layout_gridville, kiku_gazebo_garden_becter, grunt_dithmenos_shadows,
          david_lair_generic
D:9:      layout_basic, mainiacjoe_overflow_cross_hatched
D:10:     layout_basic, okawaru_gym_becter, orc_0_dummy, serial_corexii_hall,
          chequers_hall_statues_corner_a, corexii_hall_statues_s, enter_trove_2
D:11:     layout_roguey, uniq_nergalle
D:12:     layout_roguey, nicolae_ru_awakened_eye
D:13:     layout_basic
D:14:     layout_loops_ring, lightli_vaults_fourway_checkpoint,
          chequers_serial_rivers_small_3, serial_shops,
          nicolae_shop_hallway_plus, serial_park_tiny_pond
D:15:     hangedman_depths_entry_civil_slaughter, layout_loops_cross,
          hangedman_abyss_or_decor_passed, uniq_kirke
Temple:   hc_temple_tempest_star
Lair:1:   layout_chaotic_city, hangedman_tree_tricks, st_stairs_9,
          dreamdust_deal_with_the_devil
Lair:2:   layout_cave_pods, swamp_mist_pool
Lair:3:   layout_big_grid, spider_nest_entry_web_field,
          portal_ice_cave_entry_imps, beast_lair_carwin_9
Lair:4:   layout_regular_city, serial_bayou_shore_a
Lair:5:   minmay_lair_end_frog_pond, layout_gridlike, slime_entry_1,
          minivault_26, uniq_sonja
Swamp:1:  layout_basic_swamp, evilmike_swamp_ruin_rubble_1, uniq_nikola
Swamp:2:  regret_index_all_hallows'_manor, layout_basic_swamp,
          evilmike_swamp_ruin_house_3
Swamp:3:  layout_basic_swamp, hangedman_swamp_diagram
Swamp:4:  nzn_swamp_witches_coven, layout_basic_swamp,
          nicolae_swamp_triple_paths
Spider:1: layout_spider_delve, drop_trap
Spider:2: layout_spider_delve, special_room [special_room_bee], uniq_roxanne,
          uniq_arachne
Spider:3: layout_chambers
Spider:4: grunt_spider_rune_circles, uniq_bai_suzhen
Slime:1:  layout_caves
Slime:2:  layout_caves, uniq_donald
Slime:3:  layout_caves, nicolae_slime_rock_hall_of_fame
Slime:4:  layout_caves
Slime:5:  slime_pit_nicolae_jellycorners
Orc:1:    layout_caves
Orc:2:    st_orc_mages, layout_caves
Elf:1:    minmay_elf_arrival_plus, layout_loops_ring, basic_altar,
          gammafunk_ghost_ooze, serial_shops, nicolae_shop_drivethru, shop,
          nicolae_shop_tiny_real_fake_doors, nicolae_elf_crossing_hall,
          uniq_asterion, uniq_louise
Elf:2:    elven_hall_of_blades_hangedman_alternative
          [mumra_blade_entry_bloodbath], layout_loops_corners
Elf:3:    elf_hall_gauntlet_narrow, layout_geoelf_grid, basic_altar
Vaults:1: nicolae_vaults_stepped_doors, grunt_vaults_twisty,
          nicolae_vaults_storage_closets_2, v_misc_10,
          hangedman_vaults_river_flow, nicolae_vaults_tetromino_Z_2,
          vaults_mumra_minichess_inversion, nicolae_vaults_trapezoid_2,
          v_misc_17, vaults_dpeg_ring, nicolae_vaults_theta,
          nicolae_vaults_asterisk, ontoclasm_vaults_shuriken,
          nicolae_vaults_tetromino_L_2, layout_vaults_omnibox, uniq_boris
Vaults:2: nicolae_vaults_know_your_exits, nicolae_vaults_disjoint_gnomons,
          nicolae_vaults_more_shelving_2, vaults_standard_mumra_x,
          nicolae_vaults_double_plus_1, nicolae_vaults_closet_pinwheel_3,
          v_misc_19, grunt_vaults_hallway_short, nicolae_vaults_sealed_display,
          layout_vaults_big_room
Vaults:3: v_misc_8, blue_anna_dwarven_crypt,
          nicolae_vaults_disappearing_quadrants, nicolae_vaults_tetromino_L_1,
          hangedman_vaults_stagger, nicolae_vaults_diagonal_hallway_7,
          v_pattern_3, v_misc_18, nicolae_vaults_tangram_1,
          grunt_vaults_bifocal, v_rooms_2, nicolae_vaults_wine_cellar,
          nicolae_vaults_mitosis, layout_vaults_maze, serial_shops, shop
Vaults:4: infiniplex_enter_wizlab_water, hangedman_vaults_nails,
          hangedman_vaults_variations, nicolae_vaults_octothorpe,
          nicolae_vaults_storage_room_doors, ontoclasm_vaults_fault,
          hangedman_vaults_cutoff, nicolae_vaults_closet_pinwheel_5,
          nicolae_vaults_sesquioval_fish, layout_vaults_quadrants
Vaults:5: serial_shops, uniq_margery, uniq_saint_roka
Crypt:1:  layout_regular_city, nzn_ghost_randoct, grunt_crypt_arrival_webbed,
          uniq_frederick
Crypt:2:  layout_chaotic_city
Crypt:3:  david_glass_crypt, layout_gridlike, uniq_zenata, uniq_jory, uniq_vv
Depths:1: layout_cave_pools, grunt_pan_entry_sceptre, hell_entry,
          horrible_house_mu, infiniplex_staircase_pool_lava
Depths:2: minmay_tri_box, layout_gridlike, minmay_room_of_horrors, pan_entry,
          serial_shops, statue_bzr, grunt_hell_entry_dis_grunt
Depths:3: minmay_angry_zag, layout_gridlike, enter_ziggurat_f,
          abyss_entry_small_statue_room, hell_entry, kennysheep_another_room,
          infiniplex_staircase_star, grunt_megastairs_3
Depths:4: grunt_crosshair, layout_gridlike, lemuel_statue_altar, serial_shops,
          nicolae_shop_rolled_up, hellmouth_1, uniq_enchantress
Hell
Geh:1:    layout_gehenna_pools_basic
Geh:2:    nicolae_geh_gridlava [nicolae_sub_geh_gridintersect,
          nicolae_sub_geh_gridintersect, nicolae_sub_geh_gridintersect,
          nicolae_sub_geh_gridintersect], layout_gehenna_pools_triple
Geh:3:    layout_gehenna_pools_basic, nicolae_geh_lava_in_the_way
Geh:4:    layout_gehenna_lava_caves
Geh:5:    layout_gehenna_pools_basic, nicolae_geh_single_fiery_grave
Geh:6:    layout_gehenna_lava_caves
Geh:7:    geh_mu
Coc:1:    layout_ice_bergs
Coc:2:    layout_cocytus_water_paths
Coc:3:    layout_ice_bergs
Coc:4:    layout_ice_bergs
Coc:5:    layout_cocytus_delve
Coc:6:    layout_cocytus_water_paths
Coc:7:    coc_hangedman
Tar:1:    hangedman_tartarus_temple_path, layout_cathedral_of_symmetry
Tar:2:    layout_grid_maze, door_vault
Zot:1:    layout_onion_interference, grunt_megastairs_5

Skill      XL: |  1  2  3  4  5  6  7  8  9 10 11 12 13 14 15 16 17 18 19 20 21 22 23 24 25 26 27 |
---------------+----------------------------------------------------------------------------------+-----
Spellcasting   | 4 5 6 7 8 10 12 13 14 15 16 18 19 20 21 22 25 | 25.0
Conjurations   | 4 5 6 7 8 10 12 13 14 15 17 20 22 24 25 26 27 | 27.0
Hexes          | 4 5 6 7 8 10 12 13 14 15 16 18 19 20 21 22 25 | 25.0
Summonings     | 4 5 6 7 8 10 12 13 14 15 16 18 19 20 21 22 25 | 25.0
Necromancy     | 4 5 6 7 8 10 12 13 14 15 16 18 19 20 21 22 25 | 25.0
Translocations | 4 5 6 7 8 10 12 13 14 15 16 18 19 20 21 22 25 | 25.0
Fire Magic     | 4 5 6 7 8 10 12 13 14 15 16 18 19 20 21 22 25 | 25.0
Ice Magic      | 4 5 6 7 8 10 12 13 14 15 16 18 19 20 21 22 25 | 25.0
Air Magic      | 4 5 6 7 8 10 12 13 14 15 16 18 19 20 21 22 25 | 25.0
Earth Magic    | 4 5 6 7 8 10 12 13 14 15 16 18 19 20 21 22 25 | 25.0
Alchemy        | 4 5 6 7 8 10 12 13 14 15 16 18 19 20 21 22 25 | 25.0
Fighting       | 1 3 5 9 11 12 13 14 15 17 18 19 | 19.0
Armour         | 4 5 10 12 13 14 15 17 18 20 | 20.0
Dodging        | 4 8 10 11 12 | 12.0
Shields        | 7 9 12 15 17 20 | 20.0
Evocations     | 8 10 | 10.2
Throwing       | 8 10 12 14 | 14.0
Shapeshifting  | 2 23 | 23.0
Stealth        | |  1.5

Action                     |  1- 3 |  4- 6 |  7- 9 | 10-12 | 13-15 | 16-18 | 19-21 | 22-24 | 25-27 || total
---------------------------+-------+-------+-------+-------+-------+-------+-------+-------+-------++-------
  Melee: Hand axe          |     2 |     4 |       |       |       |       |       |       |       ||     6
         Flail             |       |     1 |       |       |       |       |       |       |       ||     1
         Long sword        |       |       |       |     9 |     7 |     1 |     6 |     1 |     3 ||    27
         Punch             |       |       |       |       |     1 |       |       |       |       ||     1
         Staff             |       |       |       |       |       |       |       |       |    11 ||    11
  Throw: Boomerang         |       |       |       |     5 |    24 |     9 |     6 |    13 |    26 ||    83
         Dart              |       |       |       |       |    10 |     2 |     3 |     7 |     6 ||    28
         Throwing net      |       |       |       |       |       |     1 |       |       |       ||     1
   Cast: Magic Dart        |    63 |    83 |   111 |    93 |   365 |   135 |    94 |    62 |   453 ||  1459
         Searing Ray       |       |    15 |     2 |       |       |     1 |     1 |       |     1 ||    20
         Iskenderun's Myst |       |     1 |    29 |    97 |   229 |   161 |    93 |    48 |  1281 ||  1939
         Fulminant Prism   |       |       |    18 |    38 |    12 |    44 |    31 |    13 |    99 ||   255
         Blink             |       |       |     2 |       |       |       |     1 |       |     3 ||     6
         Stone Arrow       |       |       |     8 |     3 |    25 |   228 |   227 |   258 |  1222 ||  1971
         Freezing Cloud    |       |       |       |    22 |   120 |    67 |    65 |    98 |    67 ||   439
         Borgnjor's Vile C |       |       |       |       |   113 |   260 |   330 |   343 |   785 ||  1831
         Spellforged Servi |       |       |       |       |       |     5 |    99 |   121 |   174 ||   399
         Sculpt Simulacrum |       |       |       |       |       |     1 |       |       |       ||     1
         Summon Hydra      |       |       |       |       |       |       |     9 |     7 |     2 ||    18
         Maxwell's Capacit |       |       |       |       |       |       |     6 |     7 |   103 ||   116
         Enfeeble          |       |       |       |       |       |       |       |    45 |   256 ||   301
  Evoke: Wand              |       |       |       |       |    15 |     4 |     8 |     1 |    39 ||    67
         Lightning rod     |       |       |       |       |       |     4 |       |       |       ||     4
         Phantom mirror    |       |       |       |       |       |     1 |       |       |       ||     1
    Use: Scroll            |     2 |       |     5 |     7 |    16 |    11 |     7 |     4 |    21 ||    73
         Potion            |       |       |       |       |     5 |       |    11 |     4 |    17 ||    37
   Stab: Sleeping          |       |       |       |       |     1 |     1 |       |       |       ||     2
 Armour: Robe              |     7 |    27 |     4 |    38 |    83 |    83 |     4 |       |       ||   246
         Ring mail         |       |       |       |       |       |       |    65 |       |       ||    65
         Troll leather arm |       |       |       |       |       |       |    40 |   108 |    66 ||   214
         Acid dragon scale |       |       |       |       |       |       |       |       |   680 ||   680
  Dodge: Dodged            |    12 |    13 |    23 |    28 |    65 |    38 |    55 |    70 |   340 ||   644
  Block: Kite shield       |       |       |       |       |    30 |       |       |       |       ||    30
         Tower shield      |       |       |       |       |     9 |    70 |   122 |   141 |  1153 ||  1495
         Reflection        |       |       |       |       |       |       |    22 |   101 |    73 ||   196
